AoeStats
← xlalox corona

Golden Pit

507224693Analyzed
1v1 RM · 14d ago on Sep 17, 2026· 44m 2s· 2 players
Game mode
Random Map
Map size
Tiny (2 player)
Population
200
Speed
Normal
Resources
Standard
Victory
Conquest
Starting age
Dark Age
Ending age
Imperial Age
RankedLock teamsTeams togetherTeam positionsShared explorationLock speedFull tech treeHidden civsTurbo modeCheats
Victory
Defeat
🇭🇰 Dravidians · Hong Kong SAR China
1863
+9
🇲🇽 Dravidians · Mexico
1690
-9
xlalox corona
6:37 Loom
9:08 Feudal Age
9:40 Double-Bit Axe
17:12 Fletching
18:23 Padded Archer Armor
25:09 Castle Age
25:23 Elite Skirmisher
26:00 Bodkin Arrow
26:34 Bow Saw
28:11 Leather Archer Armor
28:36 Ballistics
Alanlam9284
6:46 Loom
8:46 Feudal Age
9:30 Double-Bit Axe
12:35 Fletching
18:11 Wheelbarrow
21:29 Castle Age
20:06 Padded Archer Armor
21:34 Elite Skirmisher
22:15 Bodkin Arrow
26:23 Leather Archer Armor
27:01 Ballistics
28:12 Horse Collar
34:57 Bow Saw
41:28 Imperial Age
42:37 Scale Barding Armor
42:42 Forging
42:49 Heavy Plow
43:21 Husbandry
43:46 Chain Barding Armor
Connection lost

Rejoining the realm…

Still unreachable

The connection could not be restored.

Session expired

The server has moved on; the page needs a fresh start.